 Dungeon Crawl Stone Soup version 0.28-a0-751-gef3a642a4e (webtiles) character file.

Game seed: 475174205117994754

681 Colgate the Tainter (level 7, 41/41 HPs)
             Began as a Formicid Venom Mage on Oct 30, 2021.
             Was a Follower of Hepliaklqana.
             Quit the game on level 4 of the Dungeon.
             The game lasted 00:41:56 (8097 turns).

Colgate the Tainter (Formicid Venom Mage)           Turns: 8097, Time: 00:41:57

Health: 41/41      AC:  8    Str: 15    XL:     7   Next: 92%
Magic:  10/10      EV: 10    Int: 14    God:    Hepliaklqana [*.....]
Gold:   195        SH:  0    Dex: 11    Spells: 3/10 levels left

rFire   . . .      SeeInvis +   v - +2 short sword (elec)
rCold   . . .      Faith    .   (no shield)
rNeg    . . .      Spirit   .   h - +0 ring mail
rPois   .          Reflect  .   (helmet unavailable)
rElec   .          Harm     .   (no cloak)
rCorr   .          Rampage  .   i - +2 pair of gloves
Will    .....                   (no boots)
Stlth   +.........              (no amulet)
HPRegen 0.13/turn               t - ring of wizardry
MPRegen 0.12/turn               (no ring)

@: no status effects
A: reduced essence, permanent stasis, dig shafts and tunnels, antennae 3, four
strong arms
a: Dig, Shaft Self, Renounce Religion, Recall Ancestor, Ancestor Identity


You were on level 4 of the Dungeon.
You worshipped Hepliaklqana.
Hepliaklqana was aware of your devotion.
You visited 1 branch of the dungeon, and saw 4 of its levels.

You collected 195 gold pieces.

Inventory:

Hand Weapons
 d - a +0 short sword
 e - a +0 short sword of speed
 o - a +0 dagger of venom
 v - a +2 short sword of electrocution (weapon)
Missiles
 c - 22 poisoned darts
 q - 90 stones
 s - 25 arrows
Armour
 a - a +0 robe
 f - a +0 scale mail
 h - a +0 ring mail (worn)
 i - a +2 pair of gloves (worn)
Jewellery
 t - a ring of wizardry (left hand)
Scrolls
 b - 2 scrolls of teleportation {unknown}
 g - a scroll of vulnerability {unknown}
 j - a scroll of fog {unknown}
 k - a scroll of magic mapping {unknown}
 r - a scroll of brand weapon {unknown}
 x - a scroll of enchant armour
 y - a scroll of enchant weapon {unknown}
 A - a scroll of immolation {unknown}
Potions
 l - a potion of ambrosia {unknown}
 m - a potion of haste
 n - a potion of flight
 p - 2 potions of curing
 u - a potion of attraction
 w - a potion of magic {unknown}
 z - 2 potions of brilliance {unknown}


   Skills:
 + Level 0.0 Short Blades
 - Level 1.7 Dodging
 - Level 2.4 Stealth
 - Level 2.1 Spellcasting
 - Level 1.8 Conjurations
 - Level 1.1 Transmutations
 - Level 2.0 Air Magic
 - Level 10.2 Poison Magic


You had 3 spell levels left.
You knew the following spells:

 Your Spells              Type           Power      Damage    Failure   Level
a - Sting                 Tmut/Pois      68%        1d6       1%          1
b - Poisonous Vapours     Pois/Air       36%        N/A       2%          2
c - Olgreb's Toxic Radia  Pois           30%        N/A       2%          4

Your spell library contained the following spells:

 Spells                   Type           Power      Damage    Failure   Level
 Mephitic Cloud           Conj/Pois/Air  14%        N/A       9%          3


Dungeon Overview and Level Annotations

Branches:
Dungeon (4/15)
 Temple: D:4-7

Altars:
Hepliaklqana
Kikubaaqudgha

Shops:
D:1 *   D:3 *

Annotations:
D:3 Grinder, Sigmund


Innate Abilities, Weirdness & Mutations

Your life essence is reduced to manifest your ancestor. (-10% HP)
You cannot be hasted, slowed, berserked, paralysed or teleported.
You can dig through walls and to a lower floor.
You have a pair of large antennae on your head. (SInv)
Your four strong arms can wield two-handed weapons with a shield.


Message History

Atomjack's ghost hits you but does no damage.
Ulric hits atomjack's ghost.
You hit atomjack's ghost.
Atomjack's ghost is heavily damaged.
Atomjack's ghost hits you but does no damage.
Ulric hits atomjack's ghost but does no damage.
You hit atomjack's ghost.
Atomjack's ghost is severely damaged.
Atomjack's ghost barely misses you.
Ulric hits atomjack's ghost!
Atomjack's ghost is destroyed!
Your Poison Magic skill increases to level 10!
There is an open translucent gate here.
q - 87 stones (gained 1)
q - 88 stones (gained 1)
You see here 4 large rocks.
q - 89 stones (gained 1)
q - 90 stones (gained 1) Done exploring.
Done exploring.
Done exploring.
Done exploring.
Search for what [Enter for "d:2", or ? for help]? weapon Unknown command.
Unknown command.
Search for what [Enter for "weapon", or ? for help]?
Okay, then.
Done exploring.
Welcome back, Colgate the Formicid Venom Mage.
Hepliaklqana says: Your past becomes your present!
Press ? for a list of commands and other information.
Done exploring.
Key pressed, stopping explore.
Search for what [? for help]? d:4 Unknown command.
Done exploring.
Done exploring.
Search for what [Enter for "d:4", or ? for help]? d:4 Unknown command.
Unknown command.
Are you sure you want to abandon this character and quit the game? (Confirm with "yes".)

........## .........#
.........### ...........####
.........#....####
.................# ####
.........#.......#### #...
#........###'''###.<### ###...
######...#......@##...######....#
#...#....♣.R####.##......###
#...#..(....####^##.....##
#...#.....♣.#..#........####
#...#...(...#..##...........
##..#########.........).####
##...#...# #....##.....###.
###.##.#####..###)....##..
#..#.###.....###........


You could see the friendly Ulric the ancestor.

Vanquished Creatures
  A black bear (D:4)
  A necrophage (D:4)
  A bullfrog skeleton (D:4)
  A hound skeleton (D:4)
  3 gnolls (D:4)
  7 adders
  An adder skeleton (D:3)
  2 worms (D:2)
  A dart slug (D:1)
  An orc (D:3)
  7 endoplasms
  7 giant cockroaches
  7 goblins
  5 hobgoblins
  5 jackals
  9 kobolds
  2 quokkas
  6 ball pythons
  7 bats
  2 frilled lizards
  3 rats (D:2)
79 creatures vanquished.

Vanquished Creatures (collateral kills)
  The ghost of atomjack the Sneak, an amateur VSBr (D:4)
  A black bear (D:4)
  A gnoll sergeant (D:4)
  A hound (D:4)
  A gnoll (D:4)
  An endoplasm (D:4)
  A hobgoblin (D:4)
7 creatures vanquished.

Vanquished Creatures (others)
  2 ancestors
  2 plants
4 creatures vanquished.

Grand Total: 90 creatures vanquished

Notes
Turn   | Place    | Note
-------+----------+-------------------------------------------
     0 | D:1      | Colgate the Formicid Venom Mage began the quest for the
                  | Orb.
     0 | D:1      | Reached XP level 1. HP: 13/13 MP: 3/3
   289 | D:1      | Reached skill level 1 in Air Magic
   404 | D:1      | Reached XP level 2. HP: 14/19 MP: 0/5
   407 | D:1      | Learned a level 2 spell: Poisonous Vapours
   622 | D:1      | Found Etioqam's Assorted Antiques.
  1600 | D:1      | Reached XP level 3. HP: 24/24 MP: 1/6
  2256 | D:2      | Reached skill level 1 in Conjurations
  2693 | D:2      | Reached XP level 4. HP: 30/30 MP: 0/7
  3057 | D:2      | Learned a level 4 spell: Olgreb's Toxic Radiance
  3116 | D:2      | Found an ancient bone altar of Kikubaaqudgha.
  5230 | D:3      | Noticed Grinder
  5544 | D:3      | Reached skill level 5 in Poison Magic
  5690 | D:3      | Found an ancient bone altar of Kikubaaqudgha.
  5779 | D:3      | Noticed Sigmund
  6256 | D:3      | Reached XP level 5. HP: 32/35 MP: 1/8
  6614 | D:3      | Found a faded altar of an unknown god.
  6618 | D:3      | Found Ylah's Assorted Antiques.
  6627 | D:3      | Prayed at the altar of an unknown god.
  6627 | D:3      | Became a worshipper of Hepliaklqana the Forgotten
  6627 | D:3      | Reached * piety under Hepliaklqana
  6799 | D:4      | Reached skill level 6 in Poison Magic
  6934 | D:4      | Noticed a necrophage
  6959 | D:4      | Reached XP level 6. HP: 32/36 MP: 0/9
  6974 | D:4      | Reached skill level 7 in Poison Magic
  7196 | D:4      | Killed a necrophage
  7198 | D:4      | Reached skill level 8 in Poison Magic
  7740 | D:4      | Noticed a black bear
  7748 | D:4      | Killed a black bear
  7749 | D:4      | Reached XP level 7. HP: 41/41 MP: 1/10
  7769 | D:4      | Reached skill level 9 in Poison Magic
  7888 | D:4      | Found a runed translucent gate.
  7888 | D:4      | Found a runed translucent gate.
  7890 | D:4      | Found a runed translucent gate.
  7893 | D:4      | Noticed atomjack's ghost (amateur VSBr)
  8070 | D:4      | Killed atomjack's ghost
  8071 | D:4      | Reached skill level 10 in Poison Magic
  8097 | D:4      | Quit the game

Illustrated notes

Levels and vault maps discovered:
D:1:      minmay_arrival_jagged, layout_basic, serial_shops, shop,
          skrybe_limestone_x, minmay_tromino_v4_c
D:2:      minmay_alternating_diamond, layout_basic, basic_altar,
          serial_bayou_lake_a
D:3:      layout_basic, kiku_gazebo_pond_becter, ebering_ecumenical_altar_webs,
          serial_shops, shop, hex_large, serial_bayou_pond_d, uniq_grinder,
          uniq_sigmund
D:4:      layout_rooms, nicolae_overflow_hidden_temple,
          ebering_ghost_rock_garden

Skill      XL: |  1  2  3  4  5  6  7 |
---------------+----------------------+-----
Air Magic      | 1 2 |  2.0
Conjurations   | 1 |  1.8
Poison Magic   | 5 6 8 10 | 10.2
Dodging        | |  1.7
Stealth        | |  2.4
Spellcasting   | |  2.1
Transmutations | |  1.1

Action                   |  1- 3 |  4- 6 |  7- 9 || total
-------------------------+-------+-------+-------++-------
Melee: Short sword       |    17 |    55 |    22 ||    94
 Cast: Sting             |    20 |     3 |       ||    23
       Poisonous Vapours |    48 |    79 |     5 ||   132
       Olgreb's Toxic Ra |       |     5 |       ||     5
Invok: Recall Ancestor   |       |     1 |       ||     1
 Abil: Dig               |     9 |    16 |       ||    25
  Use: Scroll            |       |     6 |       ||     6
 Stab: Sleeping          |     3 |     2 |       ||     5
       Distracted        |       |       |     1 ||     1
Armor: Robe              |     7 |     7 |       ||    14
       Ring mail         |       |     4 |     8 ||    12
Dodge: Dodged            |    20 |    26 |    16 ||    62

Table legend: (Time is in decaauts)
 A = Elapsed time spent in this place.
 B = Non-inter-level travel time spent in this place.
 C = Inter-level travel time spent in this place.
 D = Time resting spent in this place.
 E = Time spent auto-exploring this place.
 F = Levels seen in this place.
 G = Mean time per level.
                   A        B        C        D        E       F      G
               +--------+--------+--------+--------+--------+-----+--------+
         Total |   8130 |   7072 |   1058 |    229 |   5086 |   4 | 2032.5 |
       Dungeon |   8130 |   7072 |   1058 |    229 |   5086 |   4 | 2032.5 |
               +--------+--------+--------+--------+--------+-----+--------+

Top non-repeatable levels by time:
     D:2: 3203 daAuts
     D:1: 2141 daAuts
     D:3: 1512 daAuts
     D:4: 1273 daAuts
